BSA
GREENVILLE 84S @ SPRINGFIELD STARS
06/12/2026
 
TOP OF THE 1ST
Greenville 84s batting - Pitching for Springfield Stars : LHP Joaquín Gonzáles
Pitching: LHP Joaquín Gonzáles
Batting: RHB Carlos Torres 0-0: Foul Ball, location: 2F
0-1: Ball
1-1: Ball
2-1: Fly out, F8 (Line Drive, 8LM)
Batting: LHB Jimmy Vickers 0-0: Ball
1-0: Ball
2-0: Ball
3-0: Base on Balls
Batting: RHB Enzo Díaz 0-0: Called Strike
0-1: Ball
1-1: Ball
2-1: Ball
3-1: Grounds into double play, 4-6-3 (Groundball, 34)
Top of the 1st over - 0 run(s), 0 hit(s), 0 error(s), 0 left on base; Greenville 0 - Springfield 0
BOTTOM OF THE 1ST
Springfield Stars batting - Pitching for Greenville 84s : RHP Jing-xiang Fa
Pitching: RHP Jing-xiang Fa
Batting: SHB Shane Hutchinson 0-0: Foul Ball, location: 2F
0-1: Ball
1-1: Ball
2-1: Ball
3-1: Foul Ball, location: 2F
3-2: Foul Ball, location: 2F
3-2: Fly out, F9 (Flyball, 89XD)
Batting: RHB Calvin Bennett 0-0: Swinging Strike
0-1: Swinging Strike
0-2: Foul Ball, location: 2F
0-2: Ball
1-2: Fly out, F8 (Flyball, 8LM)
Batting: LHB Derek Davidson 0-0: Foul Ball, location: 2F
0-1: Ball
1-1: Ground out 4-3 (Groundball, 34)
Bottom of the 1st over - 0 run(s), 0 hit(s), 0 error(s), 0 left on base; Greenville 0 - Springfield 0
TOP OF THE 2ND
Greenville 84s batting - Pitching for Springfield Stars : LHP Joaquín Gonzáles
Batting: LHB Brock Larsen 0-0: Called Strike
0-1: Foul Ball, location: 2F
0-2: Strikes out looking
Batting: RHB Vic Langlois 0-0: Ball
1-0: Ball
2-0: Ball
3-0: Base on Balls
Batting: LHB Kiyonaga Morita 0-0: Foul Ball, location: 2F
0-1: Called Strike
0-2: Ball
1-2: Foul Ball, location: 2F
1-2: Strikes out looking
Batting: SHB Gilberto Guzmán 0-0: Swinging Strike
0-1: Foul Ball, location: 2F
0-2: Ball
1-2: Ball
2-2: SINGLE (Groundball, 56D)
Vic Langlois to second
Batting: RHB Felipe Rodríguez 0-0: Called Strike
0-1: Foul Ball, location: 2F
0-2: Ball
1-2: Fielders Choice at 2nd, 6-4 (Groundball, 6)
Top of the 2nd over - 0 run(s), 1 hit(s), 0 error(s), 1 left on base; Greenville 0 - Springfield 0
BOTTOM OF THE 2ND
Springfield Stars batting - Pitching for Greenville 84s : RHP Jing-xiang Fa
Batting: LHB Elliott Newell 0-0: Foul Ball, location: 2F
0-1: Ball
1-1: Foul Ball, location: 2F
1-2: Ball
2-2: Strikes out looking
Batting: RHB Juan Carlos Rodríguez 0-0: Foul Ball, location: 2F
0-1: SINGLE (Flyball, 4MD)
Batting: RHB Norberto Taváres 0-0: Foul Ball, location: 2F
0-1: Ball
1-1: SINGLE (Groundball, 34D) (infield hit)
Juan Carlos Rodríguez to second
Batting: SHB Martín Medina 0-0: Ball
1-0: Swinging Strike
1-1: Ball
2-1: Ball
3-1: Base on Balls
Juan Carlos Rodríguez to third
Norberto Taváres to second
Batting: RHB Will Sterling 0-0: Grounds into double play, 6-4-3 (Groundball, 56)
Bottom of the 2nd over - 0 run(s), 2 hit(s), 0 error(s), 2 left on base; Greenville 0 - Springfield 0
TOP OF THE 3RD
Greenville 84s batting - Pitching for Springfield Stars : LHP Joaquín Gonzáles
Batting: RHB Sugita Ito 0-0: Ball
1-0: Ball
2-0: Swinging Strike
2-1: Ground out U3 (Groundball, 3L)
Batting: RHB Carlos Torres 0-0: Ball
1-0: Called Strike
1-1: Ball
2-1: Called Strike
2-2: Ball
3-2: Strikes out looking
Batting: LHB Jimmy Vickers 0-0: Ball
1-0: SINGLE (Groundball, 6M)
Batting: RHB Enzo Díaz 0-0: Called Strike
0-1: Ball
1-1: Ball
2-1: Foul Ball, location: 2F
2-2: Ball
3-2: Foul Ball, location: 2F
3-2: Strikes out swinging
Top of the 3rd over - 0 run(s), 1 hit(s), 0 error(s), 1 left on base; Greenville 0 - Springfield 0
BOTTOM OF THE 3RD
Springfield Stars batting - Pitching for Greenville 84s : RHP Jing-xiang Fa
Batting: SHB David García 0-0: DOUBLE (Line Drive, 7LS)
Batting: SHB Shane Hutchinson 0-0: Foul Ball, location: 2F
0-1: Ground out 4-3 (Groundball, 34)
David García to third
Batting: RHB Calvin Bennett 0-0: Ball
1-0: Ball
2-0: Called Strike
2-1: Foul Ball, location: 2F
2-2: Ball
3-2: Strikes out swinging
Batting: LHB Derek Davidson 0-0: Ball
1-0: Fly out, F4 (Popup, 4)
Bottom of the 3rd over - 0 run(s), 1 hit(s), 0 error(s), 1 left on base; Greenville 0 - Springfield 0
TOP OF THE 4TH
Greenville 84s batting - Pitching for Springfield Stars : LHP Joaquín Gonzáles
Batting: LHB Brock Larsen 0-0: Called Strike
0-1: DOUBLE (Line Drive, 78XD)
Batting: RHB Vic Langlois 0-0: Ball
1-0: Called Strike
1-1: Foul Ball, location: 2F
1-2: 2-RUN HOME RUN (Line Drive, 7LD), Distance : 387 ft
Batting: LHB Kiyonaga Morita 0-0: Called Strike
0-1: Called Strike
0-2: Ball
1-2: Ground out 1-3 (Groundball, 13S)
Batting: SHB Gilberto Guzmán 0-0: Ball
1-0: SOLO HOME RUN (Flyball, 78XD), Distance : 434 ft
Batting: RHB Felipe Rodríguez 0-0: Ball
1-0: Ball
2-0: SINGLE (Groundball, 6M)
Batting: RHB Sugita Ito 0-0: Called Strike
0-1: Ball
1-1: Ball
2-1: Ball
3-1: Grounds into double play, U6-3 (Groundball, 6M)
Top of the 4th over - 3 run(s), 4 hit(s), 0 error(s), 0 left on base; Greenville 3 - Springfield 0
BOTTOM OF THE 4TH
Springfield Stars batting - Pitching for Greenville 84s : RHP Jing-xiang Fa
Batting: LHB Elliott Newell 0-0: Ball
1-0: Ball
2-0: Ground out 4-3 (Groundball, 4)
Batting: RHB Juan Carlos Rodríguez 0-0: Ball
1-0: Swinging Strike
1-1: Ball
2-1: Ball
3-1: Swinging Strike
3-2: Ground out 5-3 (Groundball, 56)
Batting: RHB Norberto Taváres 0-0: Foul Ball, location: 2F
0-1: Ball
1-1: Swinging Strike
1-2: Ground out 5-3 (Groundball, 5L)
Bottom of the 4th over - 0 run(s), 0 hit(s), 0 error(s), 0 left on base; Greenville 3 - Springfield 0
TOP OF THE 5TH
Greenville 84s batting - Pitching for Springfield Stars : LHP Joaquín Gonzáles
Batting: RHB Carlos Torres 0-0: Called Strike
0-1: Ball
1-1: Foul Ball, location: 2F
1-2: Ball
2-2: SINGLE (Flyball, 7LM)
Batting: LHB Jimmy Vickers 0-0: Ball
1-0: Ball
2-0: Ball
3-0: 2-RUN HOME RUN (Flyball, 7D), Distance : 383 ft
Batting: RHB Enzo Díaz 0-0: Ball
1-0: Ball
2-0: Ball
3-0: Called Strike
3-1: Foul Ball, location: 2F
3-2: Ground out 4-3 (Groundball, 4)
Batting: LHB Brock Larsen 0-0: Ball
1-0: Ball
2-0: Ground out 1-3 (Groundball, 15)
Batting: RHB Vic Langlois 0-0: Called Strike
0-1: Foul Ball, location: 2F
0-2: Ball
1-2: Foul Ball, location: 2F
1-2: Ball
2-2: Ball
3-2: Strikes out swinging
Top of the 5th over - 2 run(s), 2 hit(s), 0 error(s), 0 left on base; Greenville 5 - Springfield 0
BOTTOM OF THE 5TH
Springfield Stars batting - Pitching for Greenville 84s : RHP Jing-xiang Fa
Batting: SHB Martín Medina 0-0: Bunted foul
0-1: Ground out 4-3 (Groundball, 34)
Batting: RHB Will Sterling 0-0: Ball
1-0: Ball
2-0: Ball
3-0: Called Strike
3-1: Ground out 6-3 (Groundball, 6)
Batting: SHB David García 0-0: Ball
1-0: Fly out, F8 (Flyball, 8RXD)
Bottom of the 5th over - 0 run(s), 0 hit(s), 0 error(s), 0 left on base; Greenville 5 - Springfield 0
TOP OF THE 6TH
Greenville 84s batting - Pitching for Springfield Stars : LHP Joaquín Gonzáles
Pitching: RHP Luis Cortéz
Batting: LHB Kiyonaga Morita 0-0: Ball
1-0: Foul Ball, location: 2F
1-1: Foul Ball, location: 2F
1-2: Strikes out looking
Batting: SHB Gilberto Guzmán 0-0: Ball
1-0: Called Strike
1-1: DOUBLE (Flyball, 8RXD)
Batting: RHB Felipe Rodríguez 0-0: Ball
1-0: Ground out 1-3 (Groundball, 13)
Gilberto Guzmán to third
Batting: RHB Sugita Ito 0-0: Ball
1-0: Swinging Strike
1-1: Ball
2-1: Foul Ball, location: 2F
2-2: Strikes out looking
Top of the 6th over - 0 run(s), 1 hit(s), 0 error(s), 1 left on base; Greenville 5 - Springfield 0
BOTTOM OF THE 6TH
Springfield Stars batting - Pitching for Greenville 84s : RHP Jing-xiang Fa
Batting: SHB Shane Hutchinson 0-0: Ball
1-0: Swinging Strike
1-1: Ground out 1-3 (Groundball, 15S)
Batting: RHB Calvin Bennett 0-0: Reached on error, E4 (Groundball, 4)
Batting: LHB Derek Davidson 0-0: Called Strike
Calvin Bennett is caught stealing 2nd base
0-1: Ball
1-1: Foul Ball, location: 2F
1-2: Foul Ball, location: 2F
1-2: Foul Ball, location: 2F
1-2: Fly out, F8 (Flyball, 78D)
Bottom of the 6th over - 0 run(s), 0 hit(s), 1 error(s), 0 left on base; Greenville 5 - Springfield 0
TOP OF THE 7TH
Greenville 84s batting - Pitching for Springfield Stars : RHP Luis Cortéz
Batting: RHB Carlos Torres 0-0: Ball
1-0: Foul Ball, location: 2F
1-1: Called Strike
1-2: Ground out 4-3 (Groundball, 4)
Batting: LHB Jimmy Vickers 0-0: Foul Ball, location: 2F
0-1: Ground out 6-3 (Groundball, 6M)
Batting: RHB Enzo Díaz 0-0: Called Strike
0-1: Ball
1-1: Swinging Strike
1-2: Hit by Pitch
Batting: LHB Brock Larsen 0-0: Foul Ball, location: 2F
0-1: Hit by Pitch
Enzo Díaz to second
Batting: RHB Vic Langlois 0-0: Foul Ball, location: 2F
0-1: Foul Ball, location: 2F
0-2: Ball
1-2: Fly out, F9 (Popup, 4MD)
Top of the 7th over - 0 run(s), 0 hit(s), 0 error(s), 2 left on base; Greenville 5 - Springfield 0
BOTTOM OF THE 7TH
Springfield Stars batting - Pitching for Greenville 84s : RHP Jing-xiang Fa
Batting: LHB Elliott Newell Reached via error on a dropped throw, E3
Batting: RHB Juan Carlos Rodríguez 0-0: Ball
1-0: Called Strike
1-1: Foul Ball, location: 2F
1-2: Foul Ball, location: 2F
1-2: Grounds into double play, 6-4-3 (Groundball, 6)
Batting: RHB Norberto Taváres 0-0: Ball
1-0: Foul Ball, location: 2F
1-1: Called Strike
1-2: Ball
2-2: SINGLE (Groundball, 6MD)
Batting: SHB Martín Medina 0-0: Ground out 6-3 (Groundball, 6)
Bottom of the 7th over - 0 run(s), 1 hit(s), 1 error(s), 1 left on base; Greenville 5 - Springfield 0
TOP OF THE 8TH
Greenville 84s batting - Pitching for Springfield Stars : RHP Luis Cortéz
Pitching: LHP Jorge Aybar
Batting: LHB Kiyonaga Morita 0-0: Ball
1-0: Ball
2-0: Ball
3-0: Called Strike
3-1: Called Strike
3-2: Fly out, F4 (Popup, 6MD)
Batting: SHB Gilberto Guzmán 0-0: Called Strike
0-1: Ball
1-1: Swinging Strike
1-2: Strikes out swinging
Batting: RHB Felipe Rodríguez 0-0: Called Strike
0-1: Foul Ball, location: 2F
0-2: Ball
1-2: Ball
2-2: Ball
3-2: Fly out, F8 (Flyball, 8LD)
Top of the 8th over - 0 run(s), 0 hit(s), 0 error(s), 0 left on base; Greenville 5 - Springfield 0
BOTTOM OF THE 8TH
Springfield Stars batting - Pitching for Greenville 84s : RHP Jing-xiang Fa
Batting: RHB Will Sterling 0-0: Ball
1-0: Called Strike
1-1: Ball
2-1: Swinging Strike
2-2: Strikes out swinging
Batting: SHB David García 0-0: Fly out, F7 (Flyball, 7M)
Batting: SHB Shane Hutchinson 0-0: Ball
1-0: Called Strike
1-1: Ball
2-1: SINGLE (Flyball, 8RS)
Batting: RHB Calvin Bennett 0-0: Called Strike
0-1: Foul Ball, location: 2F
0-2: Ground out 5-3 (Groundball, 56)
Bottom of the 8th over - 0 run(s), 1 hit(s), 0 error(s), 1 left on base; Greenville 5 - Springfield 0
TOP OF THE 9TH
Greenville 84s batting - Pitching for Springfield Stars : LHP Jorge Aybar
Batting: RHB Sugita Ito 0-0: Ball
1-0: Swinging Strike
1-1: Ball
2-1: Foul Ball, location: 2F
2-2: Ball
3-2: DOUBLE (Flyball, 7D)
Batting: RHB Carlos Torres 0-0: Called Strike
0-1: Foul Ball, location: 2F
0-2: Hit by Pitch
Batting: LHB Jimmy Vickers 0-0: Sac Bunt - play at first, batter OUT! 5-4
Sugita Ito to third
Carlos Torres to second
Batting: RHB Enzo Díaz 0-0: Foul Ball, location: 2F
0-1: Foul Ball, location: 2F
0-2: Ground out 6-3 (Groundball, 6)
Sugita Ito scores
Carlos Torres to third
Batting: LHB Brock Larsen 0-0: Called Strike
0-1: Foul Ball, location: 2F
0-2: Ball
1-2: Ball
2-2: Foul Ball, location: 2F
2-2: Strikes out swinging
Top of the 9th over - 1 run(s), 1 hit(s), 0 error(s), 1 left on base; Greenville 6 - Springfield 0
BOTTOM OF THE 9TH
Springfield Stars batting - Pitching for Greenville 84s : RHP Jing-xiang Fa
Batting: LHB Derek Davidson 0-0: Called Strike
0-1: Ball
1-1: Ground out 2-3 (Groundball, 2R)
Batting: LHB Elliott Newell 0-0: Ball
1-0: Foul Ball, location: 2F
1-1: Foul Ball, location: 2F
1-2: SINGLE (Groundball, 56D) (infield hit)
Batting: RHB Juan Carlos Rodríguez 0-0: Ball
1-0: Ball
2-0: Called Strike
2-1: Fly out, F6 (Popup, 6M)
Batting: RHB Norberto Taváres 0-0: Ball
1-0: Ball
2-0: Foul Ball, location: 2F
2-1: Foul Ball, location: 2F
2-2: Ball
3-2: Ground out 6-3 (Groundball, 6)
Bottom of the 9th over - 0 run(s), 1 hit(s), 0 error(s), 1 left on base; Greenville 6 - Springfield 0
Monday, December 5th, 2016 - OOTP Baseball 17.12 Build 75